 Dungeon Crawl Stone Soup version 0.22-a0-362-g535178c (webtiles) character file.

4330 dstrtnsr the Magician (level 10, -2/111 HPs)
             Began as a Gnoll Ice Elementalist on Apr 22, 2018.
             Was a Follower of Cheibriados.
             Slain by a porcupine (4 damage)
             ... on level 3 of the Lair of Beasts.
             The game lasted 00:27:28 (3787 turns).

dstrtnsr the Magician (Gnoll Ice Elementalist)      Turns: 3787, Time: 00:27:29

Health: -2/111     AC: 25    Str: 13    XL:     10   Next: 33%
Magic:  6/29       EV:  2    Int: 22    God:    Cheibriados [*.....]
Gold:   125        SH:  0    Dex: 18    Spells: 5/23 levels left

rFire    x . .     SeeInvis .     - Unarmed
rCold    + . .     Gourm    .   (no shield)
rNeg     + + +     Faith    .   (armour currently unavailable)
rPois    +         Spirit   .   (helmet currently unavailable)
rElec    .         Reflect  .   (cloak currently unavailable)
rCorr    .         Harm     .   (gloves currently unavailable)
MR       .....     NoTele   +   (boots currently unavailable)
Stlth    ++++......             (no amulet)
HPRegen  0.28/turn              e - ring of ice
MPRegen  0.21/turn              r - ring of magical power

@: tree-form, very slightly contaminated, invisible, very slow
A: distributed training, strong nose
a: Bend Time, Renounce Religion


You were on level 3 of the Lair of Beasts.
You worshipped Cheibriados.
Cheibriados was aware of your devotion.
You were hungry.
You were a tree.
You visited 3 branches of the dungeon, and saw 12 of its levels.

You collected 368 gold pieces.
You spent 243 gold pieces at shops.

Inventory:

Hand Weapons
 h - a +0 quarterstaff
 y - a +0 whip
 A - a +2 dagger of venom
 I - a +2 whip of freezing
 M - a +1 long sword of slicing
 N - a +2 dagger of electrocution {!w}
 O - a +0 dagger of venom
Missiles
 g - a javelin (quivered)
 x - 44 stones
 E - 16 poisoned needles
Armour
 a - a +0 robe (melded)
 n - a +0 helmet (melded)
 u - a +1 cloak (melded)
 Q - the +4 scale mail of Wu Jian's Pride {rC+}
   (You bought it in a shop on level 6 of the Dungeon)

   It protects you from cold.
Magical Staves
 p - an uncursed staff of earth
 L - an uncursed staff of air
Jewellery
 c - an uncursed ring of protection from cold
 e - a ring of ice (left branch)
 f - an uncursed ring of protection from fire
 r - a ring of magical power (right branch)
 G - a +3 ring of protection
Wands
 v - a wand of scattershot (4)
 C - a wand of acid (18)
 J - a wand of clouds (3)
Scrolls
 d - a scroll of fog
 i - a scroll of noise {unknown}
 k - 2 scrolls of teleportation {!d}
 l - a scroll of remove curse {@r2}
 q - a scroll of enchant weapon {unknown}
 s - a scroll of immolation {!r}
 t - a scroll of enchant armour {unknown}
 B - a scroll of amnesia {unknown}
 H - a scroll of magic mapping {unknown}
Potions
 b - 2 potions of lignification {!q}
 j - 3 potions of might
 o - a potion of flight
 w - a potion of mutation {!q}
 z - a potion of haste {!q}
 P - a potion of heal wounds {unknown}
 R - a potion of ambrosia {unknown}
Comestibles
 m - 4 rations {!d}


   Skills:
 + Level 5.1 Fighting
 + Level 5.1 Short Blades
 + Level 5.1 Long Blades
 + Level 5.1 Axes
 + Level 5.1 Maces & Flails
 + Level 5.1 Polearms
 + Level 5.1 Staves
 + Level 5.1 Slings
 + Level 5.1 Bows
 + Level 5.1 Crossbows
 + Level 5.1 Throwing
 + Level 5.1 Armour
 + Level 6.9 Dodging
 + Level 6.6 Stealth
 + Level 5.1 Shields
 + Level 5.1 Unarmed Combat
 + Level 7.2 Spellcasting
 + Level 4.7 Conjurations
 + Level 4.2 Hexes
 + Level 4.2 Charms
 + Level 4.2 Summonings
 + Level 4.2 Necromancy
 + Level 4.2 Translocations
 + Level 4.2 Transmutations
 + Level 4.2 Fire Magic
 + Level 7.0 Ice Magic
 + Level 4.2 Air Magic
 + Level 4.2 Earth Magic
 + Level 4.2 Poison Magic
 + Level 5.6 Invocations
 + Level 5.1 Evocations


You had 5 spell levels left.
You knew the following spells:

 Your Spells              Type           Power        Failure   Level  Hunger
a - Freeze                Ice            ####         1%          1    None
i - Summon Ice Beast      Ice/Summ       #####...     8%          4    ###....
m - Mephitic Cloud        Conj/Pois/Air  ####....     4%          3    None
o - Ozocubu's Armour      Chrm/Ice       #####...     2%          3    None
r - Regeneration          Chrm/Necr      ####......   4%          3    None
O - Olgreb's Toxic Radia  Pois           ####....     14%         4    ###....


Dungeon Overview and Level Annotations

Branches:
Dungeon (8/15)             Temple (1/1) D:5            Lair (3/6) D:8
  Swamp: Lair:2-4    Shoals: Lair:2-4     Snake: Lair:2-4    Spider: Lair:2-4

Altars:
Ashenzari
Cheibriados
Dithmenos
Elyvilon
Fedhas
Gozag
Hepliaklqana
Kikubaaqudgha
Nemelex Xobeh
Okawaru
Qazlal
Trog
Uskayaw
Wu Jian
Xom
Yredelemnul
Zin
The Shining One

Shops:
D:6 [

Annotations:
D:3 Grinder
D:4 dstrtnsr's ghost, amateur GnIE
D:6 exclusion: downstairs


Innate Abilities, Weirdness & Mutations

Your experience applies equally to all skills.
((You have very sharp teeth.))
Your uncanny sense of smell can sniff out nearby items.


Message History

A vampire mosquito comes into view.
You pummel the wolf!!
The wolf is almost dead.
The wolf misses your ice beast.
The porcupine bites you but does no damage.
The wolf bites you but does no damage. x2
Your ice beast closely misses the wolf.
The wolf barely misses your ice beast.
Unknown command.
You smack the wolf!
You kill the wolf!
Cheibriados thoroughly appreciates the change of pace.
Your Ice Magic skill increases to level 7!
The wolf barely misses you. The wolf barely misses your ice beast.
The porcupine bites you but does no damage.
The vampire mosquito bites your ice beast but does no damage.
Your ice beast barely misses the wolf.
The wolf bites you.
* * * LOW HITPOINT WARNING * * *
The wolf bites your ice beast!
Your ice beast dies!
Damage: -1%(-2hp) hp: 27%(29hp)
Okay, then.
Okay, then.
Unknown command.
Really quaff
D - a potion of invisibility {!q}?
You fade into invisibility!
The porcupine bites you but does no damage.
The wolf bites you but does no damage. The vampire mosquito barely misses you.
The porcupine bites you but does no damage.
The wolf bites you.
* * * LOW HITPOINT WARNING * * *
You are very lightly contaminated with residual magic.
Damage: -4%(-4hp) hp: 23%(25hp) Unknown command.
You smack the wolf!
You punch the wolf, but do no damage.
The wolf is moderately wounded.
The vampire mosquito bites you but does no damage.
The wolf bites you but does no damage. x2
The vampire mosquito bites you but does no damage.
The wolf bites you but does no damage.
The porcupine bites you but does no damage.
Unknown command.
You smack the wolf!
The wolf is severely wounded.
The vampire mosquito bites you.
* * * LOW HITPOINT WARNING * * *
The wolf bites you.
* * * LOW HITPOINT WARNING * * *
The wolf bites you but does no damage.
The vampire mosquito bites you but does no damage.
The wolf bites you but does no damage.
Huge Dmg: -8%(-9hp) hp: 15%(16hp)
You hit the wolf.
The wolf is almost dead.
The wolf bites you but does no damage. The vampire mosquito bites you.
* * * LOW HITPOINT WARNING * * *
The wolf bites you but does no damage. x2
The porcupine bites you but does no damage.
The vampire mosquito bites you but does no damage.
Damage: -3%(-3hp) hp: 12%(13hp) Unknown command.
You smack the wolf!
You kill the wolf!
Cheibriados thoroughly appreciates the change of pace.
The wolf bites you but does no damage.
The porcupine bites you but does no damage.
The wolf bites you but does no damage.
The vampire mosquito buzzes angrily.
Unknown command.
You barely miss the wolf.
The wolf is heavily wounded.
The vampire mosquito bites you but does no damage.
The wolf bites you but does no damage.
The vampire mosquito completely misses you.
Unknown command.
You smack the wolf!
You kill the wolf!
Cheibriados thoroughly appreciates the change of pace.
The vampire mosquito bites you but does no damage.
The porcupine bites you but does no damage.
The vampire mosquito bites you but does no damage.
Unknown command.
You strike the helpless vampire mosquito from behind!
You hit the vampire mosquito.
The vampire mosquito is moderately damaged.
The porcupine bites you.
* * * LOW HITPOINT WARNING * * *
Damage: -2%(-2hp) hp: 10%(11hp)
You hit the porcupine.
The porcupine is heavily wounded.
Unknown command.
You barely miss the porcupine.
The porcupine is heavily wounded.
The porcupine bites you!
* * * LOW HITPOINT WARNING * * *
Huge Dmg: -8%(-9hp) hp: 2%(2hp)
You hit the porcupine.
The porcupine is severely wounded.
The porcupine bites you but does no damage.
The porcupine bites you.
You die...

;§§.#..#.....##...
.. ♣.............
♣............. ≈
♣#..##..P####. ♣.
### #..## ♣♣.♣#
#.##...#
h....####..§.##
.#.......§§§.#
#.......§§♣§.#
......$.#r#.......
....#######...<...
#P #.....##
#...### ∆...## ..P
...


You could see a porcupine.

Vanquished Creatures
  A vampire mosquito (Lair:3)
  A porcupine (Lair:2)
  A slave (D:7)
  An ice beast (D:6)
  An orc warrior (D:8)
  4 wolves (Lair:3)
  A big kobold (D:8)
  2 howler monkeys
  A crimson imp (D:8)
  3 hounds
  An orc priest (D:4)
  2 iguanas
  2 orc wizards
  2 worker ants
  A hound skeleton (D:4)
  A gnoll (D:4)
  8 adders
  A shadow imp (D:5)
  An ooze (D:6)
  A dart slug (D:2)
  5 leopard geckos
  13 orcs
  5 bats
  2 giant cockroaches
  3 goblins
  4 hobgoblins
  8 jackals
  8 kobolds
  3 quokkas
  4 frilled lizards
  A leopard gecko zombie (D:5)
  5 rats
97 creatures vanquished.

Vanquished Creatures (collateral kills)
  2 two-headed ogres (D:8)
  Pikel (D:7)
  A centaur zombie (D:8)
  2 spiny frogs (Lair:2)
  2 komodo dragons
  A hippogriff (D:8)
  2 wyverns
  4 yaks (Lair:3)
  A basilisk (Lair:3)
  A vampire mosquito (Lair:3)
  A water moccasin (Lair:2)
  A black bear (D:7)
  A slave (D:7)
  2 ice beasts
  A phantom (D:5)
  2 ogres
  A wolf (Lair:3)
  A centaur (D:7)
  A scorpion (D:5)
  2 howler monkeys (D:8)
  A jelly (D:8)
  A bullfrog skeleton (D:5)
  An iguana (D:5)
  3 orc wizards (D:6)
  A worker ant (D:4)
  6 gnolls (D:4)
  A shadow imp (D:8)
  An adder skeleton (D:5)
  A leopard gecko (D:8)
  13 orcs
  3 jackals (D:8)
  2 quokkas
  A quokka skeleton (D:4)
65 creatures vanquished.

Vanquished Creatures (others)
  A plant (D:8)
1 creature vanquished.

Grand Total: 163 creatures vanquished

Notes
Turn   | Place    | Note
-------+----------+-------------------------------------------
     0 | D:1      | dstrtnsr the Gnoll Ice Elementalist began the quest for the Orb.
     0 | D:1      | Reached XP level 1. HP: 13/13 MP: 6/6
    48 | D:1      | Reached XP level 2. HP: 14/19 MP: 2/7
   243 | D:2      | Reached XP level 3. HP: 18/25 MP: 1/9
   244 | D:2      | Reached skill level 5 in Spellcasting
   250 | D:2      | Found a white marble altar of Elyvilon.
   311 | D:2      | Became a worshipper of Elyvilon the Healer
   354 | D:3      | Noticed Grinder
   398 | D:2      | Reached skill level 1 in Invocations
   413 | D:2      | Reached skill level 1 in Fighting
   413 | D:2      | Reached skill level 1 in Short Blades
   413 | D:2      | Reached skill level 1 in Long Blades
   413 | D:2      | Reached skill level 1 in Axes
   413 | D:2      | Reached skill level 1 in Maces & Flails
   413 | D:2      | Reached skill level 1 in Polearms
   413 | D:2      | Reached skill level 1 in Staves
   413 | D:2      | Reached skill level 1 in Slings
   413 | D:2      | Reached skill level 1 in Bows
   413 | D:2      | Reached skill level 1 in Crossbows
   413 | D:2      | Reached skill level 1 in Throwing
   413 | D:2      | Reached skill level 1 in Armour
   413 | D:2      | Reached skill level 1 in Shields
   413 | D:2      | Reached skill level 1 in Unarmed Combat
   413 | D:2      | Reached skill level 1 in Evocations
   413 | D:2      | Reached XP level 4. HP: 32/32 MP: 6/11
   426 | D:2      | Learned a level 3 spell: Ozocubu's Armour
   431 | D:2      | Learned a level 4 spell: Summon Ice Beast
   576 | D:3      | Found a blossoming altar of Fedhas.
   578 | D:3      | Reached skill level 1 in Hexes
   578 | D:3      | Reached skill level 1 in Charms
   578 | D:3      | Reached skill level 1 in Summonings
   578 | D:3      | Reached skill level 1 in Necromancy
   578 | D:3      | Reached skill level 1 in Translocations
   578 | D:3      | Reached skill level 1 in Transmutations
   578 | D:3      | Reached skill level 1 in Fire Magic
   578 | D:3      | Reached skill level 1 in Air Magic
   578 | D:3      | Reached skill level 1 in Earth Magic
   578 | D:3      | Reached skill level 1 in Poison Magic
   596 | D:4      | Noticed dstrtnsr's ghost (amateur GnIE)
   645 | D:4      | Reached XP level 5. HP: 27/37 MP: 6/12
   695 | D:4      | HP: 13/37 [orc priest/hand axe (8)]
   772 | D:3      | Reached * piety under Elyvilon
   878 | D:3      | Noticed a water elemental
   880 | D:3      | Found a stormy altar of Qazlal.
   881 | D:3      | Noticed an air elemental
   881 | D:3      | Noticed a fire elemental
  1048 | D:4      | Reached XP level 6. HP: 40/44 MP: 13/13
  1079 | D:5      | Entered Level 5 of the Dungeon
  1106 | D:5      | Noticed an ice beast
  1117 | D:5      | Killed an ice beast
  1129 | D:5      | Reached skill level 5 in Dodging
  1136 | D:5      | Noticed a phantom
  1206 | D:5      | Found an iron altar of Okawaru.
  1236 | D:5      | Killed a phantom
  1245 | D:5      | Reached XP level 7. HP: 45/50 MP: 5/15
  1269 | D:5      | Found a basalt altar of Yredelemnul.
  1464 | D:5      | Found a hide-covered altar of Uskayaw.
  1464 | D:5      | Reached ** piety under Elyvilon
  1637 | D:6      | Found Beezec's Antique Armour Shoppe.
  1654 | D:7      | Noticed Pikel
  1726 | D:6      | Found a hazy altar of Hepliaklqana.
  1726 | D:6      | Found a shimmering altar of Xom.
  1728 | D:6      | Found an ancient bone altar of Kikubaaqudgha.
  1778 | D:6      | Reached skill level 5 in Stealth
  1962 | D:7      | Reached *** piety under Elyvilon
  2017 | D:7      | HP: 18/51 [centaur (4)]
  2134 | D:7      | Reached XP level 8. HP: 31/57 MP: 16/16
  2151 | D:7      | Found a bloodstained altar of Trog.
  2389 | D:7      | Killed Pikel
  2509 | D:8      | Noticed a hippogriff
  2538 | D:8      | Killed a hippogriff
  2543 | D:8      | Noticed a wyvern
  2549 | D:8      | Killed a wyvern
  2549 | D:8      | Reached XP level 9. HP: 65/65 MP: 17/18
  2577 | D:8      | Found a staircase to the Lair.
  2578 | D:8      | Noticed a komodo dragon
  2612 | D:8      | Killed a komodo dragon
  2635 | D:8      | Noticed a two-headed ogre
  2649 | D:8      | Killed a two-headed ogre
  2790 | D:8      | Reached **** piety under Elyvilon
  2799 | D:8      | Noticed a two-headed ogre
  2807 | D:8      | Killed a two-headed ogre
  3120 | D:6      | Bought a fine scale mail for 243 gold pieces
  3130 | D:6      | Identified the +4 scale mail of Wu Jian's Pride {rC+} (You bought it in a shop on level 6 of the Dungeon)
  3342 | D:5      | Found a staircase to the Ecumenical Temple.
  3351 | Temple   | Entered the Ecumenical Temple
  3385 | Temple   | Fell from the grace of Elyvilon
  3385 | Temple   | Became a worshipper of Cheibriados the Contemplative
  3541 | Lair:1   | Entered Level 1 of the Lair of Beasts
  3559 | Lair:2   | Reached skill level 5 in Invocations
  3564 | Lair:2   | Noticed a komodo dragon
  3575 | Lair:2   | HP: 9/66 [komodo dragon (33)]
  3576 | Lair:2   | Killed a komodo dragon
  3583 | Lair:2   | Learned a level 3 spell: Regeneration
  3610 | Lair:2   | Noticed a spiny frog
  3617 | Lair:2   | Noticed a spiny frog
  3624 | Lair:2   | Killed a spiny frog
  3624 | Lair:2   | Reached XP level 10. HP: 73/73 MP: 6/20
  3629 | Lair:2   | Learned a level 3 spell: Mephitic Cloud
  3641 | Lair:2   | Learned a level 4 spell: Olgreb's Toxic Radiance
  3668 | Lair:2   | Killed a spiny frog
  3764 | Lair:3   | Reached skill level 5 in Fighting
  3764 | Lair:3   | Reached skill level 5 in Short Blades
  3764 | Lair:3   | Reached skill level 5 in Long Blades
  3764 | Lair:3   | Reached skill level 5 in Axes
  3764 | Lair:3   | Reached skill level 5 in Maces & Flails
  3764 | Lair:3   | Reached skill level 5 in Polearms
  3764 | Lair:3   | Reached skill level 5 in Staves
  3764 | Lair:3   | Reached skill level 5 in Slings
  3764 | Lair:3   | Reached skill level 5 in Bows
  3764 | Lair:3   | Reached skill level 5 in Crossbows
  3764 | Lair:3   | Reached skill level 5 in Throwing
  3764 | Lair:3   | Reached skill level 5 in Armour
  3764 | Lair:3   | Reached skill level 5 in Shields
  3764 | Lair:3   | Reached skill level 5 in Unarmed Combat
  3764 | Lair:3   | Reached skill level 5 in Evocations
  3765 | Lair:3   | HP: 28/74 [wolf (11)]
  3769 | Lair:3   | Reached * piety under Cheibriados
  3771 | Lair:3   | HP: 42/111 [wolf (1)]
  3776 | Lair:3   | HP: 29/111 [wolf (3)]
  3780 | Lair:3   | HP: 13/111 [vampire mosquito (4)]
  3786 | Lair:3   | HP: 2/111 [porcupine (9)]
  3787 | Lair:3   | Slain by a porcupine

Vault maps used:
D:1:      dpeg_arrival_houses_and_road, serial_corexii_hall,
          corexii_hall_statues_t, corexii_hall_statues_x,
          corexii_hall_statues_s, corexii_hall_statues_l,
          corexii_hall_statues_i, corexii_hall_statues_l
D:2:      cheibrodos_greedy_goblins, lemuel_doored_altar
D:3:      nicolae_qazlal_style_of_elements, fedhas_altar_3, uniq_grinder
D:4:      uniq_crazy_yiuf_cottage
D:5:      kennysheep_mini_moat, okawaru_ov_weapons_minmay, old_standard_altar,
          minmay_temple_entry_mist, first_ration
D:6:      gammafunk_temple_overflow_forgotten, serial_shops, shop
D:7:      lightli_temple_of_fire, tgw_sif, serial_co_window_serial,
          co_window_corner_a, co_window_corner_a, co_window_corner_a,
          co_window_paths_b, co_window_corner_a, co_window_broadway_c,
          co_window_2corner, co_window_broadway_a, co_window_corner_b,
          co_window_paths_d, glass_columns_a, uniq_pikel
D:8:      david_lair_shrubbed
Temple:   cyrus_temple_forest
Lair:1:   portal_ice_cave_rime, disabler_island
Lair:2:   minivault_29, grunt_megastairs_5
Lair:3:   minmay_swamp_entry_swarm

Skill      XL: |  1  2  3  4  5  6  7  8  9 10 |
---------------+-------------------------------+-----
Conjurations   | 2 3 4 |  4.7
Spellcasting   | 5 6 7 |  7.2
Invocations    | 1 2 3 4 5 |  5.6
Fighting       | 1 2 3 4 5 |  5.1
Short Blades   | 1 2 3 4 5 |  5.1
Long Blades    | 1 2 3 4 5 |  5.1
Axes           | 1 2 3 4 5 |  5.1
Maces & Flails | 1 2 3 4 5 |  5.1
Polearms       | 1 2 3 4 5 |  5.1
Staves         | 1 2 3 4 5 |  5.1
Slings         | 1 2 3 4 5 |  5.1
Bows           | 1 2 3 4 5 |  5.1
Crossbows      | 1 2 3 4 5 |  5.1
Throwing       | 1 2 3 4 5 |  5.1
Armour         | 1 2 3 4 5 |  5.1
Shields        | 1 2 3 4 5 |  5.1
Unarmed Combat | 1 2 3 4 5 |  5.1
Evocations     | 1 2 3 4 5 |  5.1
Hexes          | 1 2 3 4 |  4.2
Charms         | 1 2 3 4 |  4.2
Summonings     | 1 2 3 4 |  4.2
Necromancy     | 1 2 3 4 |  4.2
Translocations | 1 2 3 4 |  4.2
Transmutations | 1 2 3 4 |  4.2
Fire Magic     | 1 2 3 4 |  4.2
Air Magic      | 1 2 3 4 |  4.2
Earth Magic    | 1 2 3 4 |  4.2
Poison Magic   | 1 2 3 4 |  4.2
Dodging        | 5 6 |  6.9
Stealth        | 5 6 |  6.6
Ice Magic      | 6 7 |  7.0

Action                   |  1- 3 |  4- 6 |  7- 9 | 10-12 || total
-------------------------+-------+-------+-------+-------++-------
Melee: Quarterstaff      |     5 |    27 |    26 |       ||    58
       Bite              |       |     1 |     6 |     3 ||    10
       Whip              |       |       |    14 |       ||    14
       Dagger            |       |       |     7 |     4 ||    11
       Punch             |       |       |     1 |     2 ||     3
       Unarmed           |       |       |       |    18 ||    18
       Long sword        |       |       |       |     2 ||     2
Throw: Javelin           |       |       |     2 |       ||     2
 Cast: Freeze            |    34 |    42 |    67 |       ||   143
       Ozocubu's Armour  |       |     2 |       |       ||     2
       Summon Ice Beast  |       |    10 |    45 |     9 ||    64
       Regeneration      |       |       |     3 |       ||     3
Invok: Lesser Healing    |       |     1 |       |       ||     1
Evoke: Wand              |       |       |     3 |       ||     3
  Use: Scroll            |       |     4 |     8 |     1 ||    13
       Potion            |       |       |     2 |     2 ||     4
 Stab: Sleeping          |     1 |       |     3 |       ||     4
       Distracted        |       |       |     1 |       ||     1
       Invisible         |       |       |       |     1 ||     1
  Eat: Chunk             |       |     1 |    10 |     1 ||    12
       Ration            |       |     1 |     1 |       ||     2
Armor: Robe              |     5 |    10 |    16 |     1 ||    32
       Skin              |       |       |       |    43 ||    43
Dodge: Dodged            |    17 |    41 |    82 |    13 ||   153
       Rpst.: Long sword |       |       |       |     1 ||     1

Table legend:
 A = Spawn XP
 B = Non-spawn XP
 C = Spawn XP percentage of total XP
 D = Spawn monster count
 E = Non-spawn monster count
 F = Spawn count percentage of total count
 G = Total turns spent on level
                    A         B        C        D         E        F      G
               +---------+---------+-------+---------+---------+-------+---------
         Total |       0 |    6187 |   0.0 |       0 |     160 |   0.0 |  3787
               +---------+---------+-------+---------+---------+-------+---------
           D:1 |       0 |      24 |   0.0 |       0 |      13 |   0.0 |   126
           D:2 |       0 |      91 |   0.0 |       0 |      19 |   0.0 |   395
           D:3 |       0 |      43 |   0.0 |       0 |      11 |   0.0 |   277
           D:4 |       0 |     263 |   0.0 |       0 |      21 |   0.0 |   405
           D:5 |       0 |     430 |   0.0 |       0 |      19 |   0.0 |   371
           D:6 |       0 |     263 |   0.0 |       0 |      19 |   0.0 |   522
           D:7 |       0 |     856 |   0.0 |       0 |      12 |   0.0 |   672
           D:8 |       0 |    2100 |   0.0 |       0 |      28 |   0.0 |   705
        Lair:2 |       0 |     934 |   0.0 |       0 |       6 |   0.0 |   141
        Lair:3 |       0 |    1183 |   0.0 |       0 |      12 |   0.0 |    88
               +---------+---------+-------+---------+---------+-------+---------
